 Dungeon Crawl Stone Soup version 0.30.0-29-ga12c61a403 (webtiles) character file.

Game seed: 8283545730108001998

32 Peloso the Covered (level 3, 33/33 HPs)
             Began as a Minotaur Fighter on June 3, 2023.
             Got out of the dungeon alive.
             The game lasted 00:01:35 (538 turns).

Peloso the Covered (Minotaur Fighter)                Turns: 538, Time: 00:01:35

Health: 33/33      AC:  7    Str: 20    XL:     3   Next: 10%
Magic:  2/2        EV:  9    Int:  5    God:
Gold:   65         SH:  4    Dex: 11    Spells: 2/2 levels left

rFire   . . .        a - +0 long sword
rCold   . . .        c - +0 buckler
rNeg    . . .        b - +0 scale mail
rPois   .            (helmet restricted)
rElec   .            (no cloak)
rCorr   .            (no gloves)
SInv    .            (no boots)
Will    .....        (no amulet) Stlth
                     (no ring)
HPRegen 0.25/turn    (no ring)
MPRegen 0.08/turn

%: no passive effects
@: no status effects
A: horns 2, retaliatory headbutt, talons 1, inability to drink after injury 1
a: no special abilities


You escaped.
You visited 1 branch of the dungeon, and saw 1 of its levels.

You collected 65 gold pieces.

Inventory:

Hand Weapons
 a - a +0 long sword (weapon)
Armour
 b - a +0 scale mail (worn)
 c - a +0 buckler (worn)
Jewellery
 i - a ring of protection from cold
 k - a ring of positive energy
Scrolls
 g - a scroll of vulnerability {unknown}
 m - a scroll of identify {unknown}
Potions
 d - 2 potions of might
 e - a potion of curing
 j - a potion of attraction {unknown}
 l - a potion of flight {unknown}


   Skills:
 + Level 3.9 Fighting
 + Level 2.7 Long Blades
 + Level 4.2 Armour
 + Level 0.3 Dodging
 + Level 4.2 Shields


You had 2 spell levels left.
You didn't know any spells.
Your spell library was empty.

Dungeon Overview and Level Annotations

Branches:
Dungeon (1/15)

Altars:


Innate Abilities, Weirdness & Mutations

You have a pair of horns on your head.
You reflexively headbutt those who attack you in melee.
You have sharp toenails.
You occasionally lose the ability to drink potions when taking damage.


Message History

A goblin comes into view. It is wielding a +0 dagger.
The goblin shouts!
A goblin is nearby!
A goblin is nearby!
The goblin hits you with a +0 dagger.
You barely miss the goblin. The goblin hits you but does no damage.
You barely miss the goblin. Your headbutt misses the goblin.
The goblin closely misses you.
You hit the goblin.
You kill the goblin!
Things that are here:
a +0 dagger; a goblin corpse
Found a short sword.
Found a club.
Found a robe.
l - an inky potion
m - a scroll labelled GYEROSTR JUTOMN Done exploring.
Done exploring.
Done exploring.
It was a potion of curing.
You feel better.
It was a potion of haste.
You feel yourself speed up.
It was a potion of mutation.
You feel extremely strange.
Your toenails lengthen and sharpen.
You occasionally lose the ability to drink potions when taking damage.
(D) Dungeon
Where to? (? - help)
What level of the Dungeon? (default 1, ? - help)
Okay, then.
(D) Dungeon
Where to? (? - help)
What level of the Dungeon? (default 1, ? - help)
Your extra speed is starting to run out.
You feel yourself slow down.
You open the door.
There is an open door here.
There is a staircase leading out of the dungeon here.
Done exploring.
Are you sure you want to leave the Dungeon?
This will make you lose the game!
You have escaped!

#.......................#
......########......###########
#.....# ###.####.........###
#.....# ###...............
#.....# #.......⌠...⌠.....
####### ##...⌠.........⌠.. #
#.........≈....(.. #
#...⌠...........⌠. #############
#@.....≈.....≈.... ##..........#
#...⌠...........⌠. ##..........#
#.........≈.......
##..........#####...⌠.........⌠..
##..........##..'......⌠...⌠.....
##..........##.###...............
##..........##.######.........###
...................############ #
...####..........#####.......# #


There were no monsters in sight!

Vanquished Creatures
  A dart slug (D:1)
  2 endoplasms (D:1)
  A giant cockroach (D:1)
  3 goblins (D:1)
  4 hobgoblins (D:1)
  A jackal (D:1)
  2 kobolds (D:1)
  A quokka (D:1)
  2 ball pythons (D:1)
  5 bats (D:1)
  4 frilled lizards (D:1)
  3 rats (D:1)
29 creatures vanquished.

Notes
Turn   | Place    | Note
-------+----------+-------------------------------------------
     0 | D:1      | Peloso the Minotaur Fighter began the quest for the Orb.
     0 | D:1      | Reached XP level 1. HP: 19/19 MP: 0/0
   102 | D:1      | Reached XP level 2. HP: 27/27 MP: 1/1
   283 | D:1      | Reached XP level 3. HP: 33/33 MP: 2/2
   478 | D:1      | Gained mutation: You have sharp toenails. [potion of
                  | mutation]
   478 | D:1      | Gained mutation: You occasionally lose the ability to drink
                  | potions when taking damage. [potion of mutation]
   538 | D:$      | Got out of the dungeon alive.

Illustrated notes

Levels and vault maps discovered:
D:1:      dpeg_arrival_stone_temple_mockup, layout_rooms,
          minmay_misc_feat_encased, minmay_pentomino_w4

Skill      XL: |  1  2 |
---------------+-------+-----
Armour         | 4 |  4.2
Shields        | 4 |  4.2
Fighting       | |  3.9
Long Blades    | |  2.7
Dodging        | |  0.3

Action                     || total
---------------------------++-------
  Melee: Long sword        ||    59
         Headbutt          ||     8
    Use: Potion            ||     3
 Armour: Scale mail        ||    38
  Dodge: Dodged            ||    42
  Block: Buckler           ||    24
